 Dungeon Crawl Stone Soup version 0.28-a0-1486-g8196b01e9b (webtiles) character file.

Game seed: 7128409022850738603

2260 Nattfarinn the Covert (level 9, -6/55 HPs)
             Began as a Kobold Brigand on Jan 12, 2022.
             Mangled by a wyvern (12 damage)
             ... on level 7 of the Dungeon.
             The game lasted 00:12:01 (7782 turns).

Nattfarinn the Covert (Kobold Brigand)              Turns: 7782, Time: 00:12:02

Health: -6/55      AC:  5    Str:  8    XL:     9   Next: 64%
Magic:  9/9        EV: 14    Int: 13    God:
Gold:   244        SH:  0    Dex: 20    Spells: 8/8 levels left

rFire   . . .      SeeInvis .   a - +2 dagger
rCold   . . .      Faith    .   (no shield)
rNeg    . . .      Spirit   .   b - +0 robe
rPois   +          Reflect  .   n - +0 helmet
rElec   .          Harm     .   c - +1 cloak
rCorr   .          Rampage  .   (no gloves)
Will    .....                   (no boots)
Stlth   ++++++....              (no amulet)
HPRegen 0.18/turn               e - ring of poison resistance
MPRegen 0.11/turn               (no ring)

@: no status effects
A: small, no large weapons, nightstalker 3
a: no special abilities


You were on level 7 of the Dungeon.
You visited 1 branch of the dungeon, and saw 7 of its levels.

You collected 244 gold pieces.

Inventory:

Hand Weapons
 a - a +2 dagger (weapon)
 l - a +1 dagger of draining
Missiles
 d - 38 poisoned darts (quivered)
Armour
 b - a +0 robe (worn)
 c - a +1 cloak (worn)
 n - a +0 helmet (worn)
Jewellery
 e - a ring of poison resistance (left hand)
 q - a ring of fire
Wands
 t - a wand of polymorph (10)
 u - a wand of digging (4)
Scrolls
 i - a scroll of vulnerability
 r - a scroll of teleportation
Potions
 g - 4 potions of brilliance
 k - a potion of lignification {unknown}
 m - a potion of berserk rage
 o - a potion of cancellation {unknown}
 p - a potion of haste {unknown}


   Skills:
 + Level 5.8 Fighting
 * Level 9.6 Short Blades
 + Level 5.8 Throwing
 - Level 1.2 Dodging
 * Level 11.4 Stealth


You had 8 spell levels left.
You didn't know any spells.
Your spell library contained the following spells:

 Spells                   Type           Power      Damage    Failure   Level
 Magic Dart               Conj           0%         1d3       30%         1
 Blink                    Tloc           0%         N/A       43%         2
 Call Imp                 Summ           0%         N/A       43%         2
 Ensorcelled Hibernation  Hex/Ice        0%         N/A       43%         2
 Passwall                 Tmut/Erth      0%         N/A       43%         2
 Static Discharge         Conj/Air       0%         N/A       43%         2
 Mephitic Cloud           Conj/Pois/Air  0%         N/A       67%         3
 Swiftness                Air            0%         N/A       67%         3
 Dispel Undead            Necr           0%         3d6       97%         4
 Sticky Flame             Conj/Fire      0%         2d3       97%         4
 Manifold Assault         Tloc           0%         N/A       100%        5
 Storm Form               Tmut/Air       0%         N/A       100%        7
 Chain Lightning          Conj/Air       0%         N/A       100%        9
 Fire Storm               Conj/Fire      0%         5d1       100%        9
 Shatter                  Erth           0%         3d5*      100%        9


Dungeon Overview and Level Annotations

Branches:
Dungeon (7/15)
 Temple: D:4-7

Altars:
Fedhas
Makhleb
Wu Jian


Innate Abilities, Weirdness & Mutations

You are small and have problems with some larger weapons.
You are completely attuned to the shadows.


Message History

The wyvern is moderately wounded.
The wyvern bites you but does no damage.
You throw a poisoned dart.
The poisoned dart barely misses the wyvern.
The wyvern barely misses you.
Unknown command.
You throw a poisoned dart. The poisoned dart hits the wyvern.
The wyvern is moderately wounded.
The wyvern closely misses you.
You throw a poisoned dart. The poisoned dart hits the wyvern.
The wyvern looks even sicker.
The wyvern is moderately wounded.
The wyvern closely misses you.
You throw a poisoned dart. The poisoned dart hits the wyvern!
The wyvern looks as sick as possible!
The wyvern is moderately wounded.
The wyvern bites you!
You are too injured to fight recklessly!
You are too injured to fight recklessly!
You are too injured to fight recklessly!
You are too injured to fight recklessly!
You are too injured to fight recklessly!
You are too injured to fight recklessly!
You hit the wyvern but do no damage.
The wyvern is moderately wounded.
The wyvern barely misses you.
You hit the wyvern but do no damage.
The wyvern is moderately wounded.
The wyvern bites you!
* * * LOW HITPOINT WARNING * * *
You hit the wyvern but do no damage.
The wyvern is moderately wounded.
You hit the wyvern.
The wyvern is heavily wounded.
The wyvern bites you!
* * * LOW HITPOINT WARNING * * *
You feel better. The wyvern closely misses you. The wyvern barely misses you.
The wyvern closely misses you. The wyvern bites you!
You die...

##.##..## ######<# ##
.#.###### #.#
...##...### ###..##
..........### ##.....#
#.#.....###.## #...((#
..##.....#...# ##......
..##>....#...###.l....(
.. ..###......##@##...#
.. #......#...#....
#...#....### ..
....#......)
.....#....... #......#
#.#>..##


You could see a wyvern (very poisoned).

Vanquished Creatures
  Pikel (D:6)
  Prince Ribbit (D:6)
  A water moccasin (D:5)
  A black bear (D:6)
  4 ogres
  A necrophage (D:3)
  A sky beast (D:6)
  4 lemures (D:6)
  A centaur (D:6)
  4 scorpions
  A howler monkey (D:6)
  A bullfrog zombie (D:6)
  A centaur zombie (D:6)
  A centaur skeleton (D:3)
  A bullfrog skeleton (D:5)
  A gnoll shaman (D:5)
  3 orc priests
  3 orc wizards
  A howler monkey zombie (D:6)
  5 gnolls (D:5)
  7 adders
  A howler monkey skeleton (D:6)
  An ufetubus (D:5)
  An adder skeleton (D:5)
  A dart slug (D:3)
  A worm (D:5)
  18 orcs
  6 bats
  6 endoplasms
  A giant cockroach (D:3)
  12 goblins
  3 hobgoblins
  5 quokkas
  2 ball pythons
  3 frilled lizards
  A kobold (D:1)
  2 rats (D:1)
108 creatures vanquished.

Notes
Turn   | Place    | Note
-------+----------+-------------------------------------------
     0 | D:1      | Nattfarinn the Kobold Brigand began the quest for the Orb.
     0 | D:1      | Reached XP level 1. HP: 12/12 MP: 1/1
   218 | D:1      | Reached XP level 2. HP: 6/18 MP: 2/2
  1024 | D:1      | Reached XP level 3. HP: 18/22 MP: 3/3
  1528 | D:2      | Found a faded altar of an unknown god.
  2247 | D:3      | Reached skill level 6 in Stealth
  2337 | D:3      | Reached XP level 4. HP: 27/27 MP: 4/4
  2340 | D:3      | Found a blossoming altar of Fedhas.
  2425 | D:3      | Reached XP level 5. HP: 26/32 MP: 5/5
  2670 | D:3      | Noticed a necrophage
  2674 | D:3      | Killed a necrophage
  2675 | D:3      | Reached skill level 5 in Short Blades
  2675 | D:3      | Reached skill level 7 in Stealth
  2675 | D:3      | Reached XP level 6. HP: 37/37 MP: 6/6
  3762 | D:5      | Entered Level 5 of the Dungeon
  3762 | D:5      | Noticed a water moccasin
  3766 | D:5      | Killed a water moccasin
  3767 | D:5      | Reached XP level 7. HP: 41/41 MP: 7/7
  3792 | D:5      | Reached skill level 8 in Stealth
  3810 | D:5      | Found an ornate altar of the Wu Jian Council.
  4163 | D:5      | Reached XP level 8. HP: 38/48 MP: 8/8
  4855 | D:5      | Found a burning altar of Makhleb.
  4982 | D:5      | Reached skill level 9 in Stealth
  5318 | D:5      | short blade
  5550 | D:6      | Noticed Prince Ribbit
  5554 | D:6      | Killed Prince Ribbit
  5741 | D:6      | Reached skill level 5 in Fighting
  5741 | D:6      | Reached skill level 5 in Throwing
  5741 | D:6      | Reached skill level 10 in Stealth
  5741 | D:6      | Reached XP level 9. HP: 7/54 MP: 9/9
  6764 | D:6      | Noticed Pikel
  7404 | D:6      | Killed Pikel
  7405 | D:6      | Reached skill level 11 in Stealth
  7778 | D:7      | HP: 1/55 [wyvern (11)]
  7782 | D:7      | Mangled by a wyvern

Illustrated notes

#.## #..††...... #..#
#..........
#..####..........
#..........[.....
#...........>....
#...............>
##.##.###........
######.##.####...#.#.
#...@................
######.##.###.....#..
#.......##....#.#
#................
#.......#...<...#
#.......#.##....)
#.........###..##
#.......### #..##
###### #........##
#....


Turn 5318 on D:5: short blade

Levels and vault maps discovered:
D:1:      shiori_arrival_oz, layout_loops_ring, serial_park_tiny_2
D:2:      layout_loops_ring, shapermc_ecumenical_altar_acropolis, nrook_uturn
D:3:      layout_basic, mainiacjoe_overflow_catwalk, minmay_crystal_room,
          feat_on_display
D:4:      layout_loops_cross, temple_pool_b, uniq_crazy_yiuf_cottage,
          uniq_grinder, uniq_menkaure
D:5:      layout_rooms, grunt_temple_overflow_open, hex_intersection
D:6:      layout_basic, uniq_prince_ribbit1, uniq_pikel
D:7:      layout_cave_pools, mainiacjoe_overflow_small_starburst, uniq_joseph,
          uniq_harold

Skill      XL: |  1  2  3  4  5  6  7  8  9 |
---------------+----------------------------+-----
Short Blades   | 3 4 5 6 8 9 |  9.6
Stealth        | 6 7 8 10 11 | 11.4
Throwing       | 3 4 5 |  5.8
Fighting       | 3 4 5 |  5.8
Dodging        | |  1.2

Action                   |  1- 3 |  4- 6 |  7- 9 || total
-------------------------+-------+-------+-------++-------
Melee: Dagger            |   108 |    76 |   220 ||   404
       Punch             |     1 |     1 |     3 ||     5
Throw: Dart              |       |    10 |   111 ||   121
  Use: Potion            |     2 |       |     3 ||     5
       Scroll            |       |       |     5 ||     5
 Stab: Sleeping          |    11 |    17 |    14 ||    42
       Distracted        |       |       |     1 ||     1
Armor: Robe              |    15 |    10 |    34 ||    59
Dodge: Dodged            |    79 |    33 |   144 ||   256

Table legend: (Time is in decaauts)
 A = Elapsed time spent in this place.
 B = Non-inter-level travel time spent in this place.
 C = Inter-level travel time spent in this place.
 D = Time resting spent in this place.
 E = Time spent auto-exploring this place.
 F = Levels seen in this place.
 G = Mean time per level.
                   A        B        C        D        E       F      G
               +--------+--------+--------+--------+--------+-----+--------+
         Total |   7636 |   7551 |     85 |   1614 |   5027 |   7 | 1090.9 |
       Dungeon |   7636 |   7551 |     85 |   1614 |   5027 |   7 | 1090.9 |
               +--------+--------+--------+--------+--------+-----+--------+

Top non-repeatable levels by time:
     D:6: 2318 daAuts
     D:5: 1540 daAuts
     D:3: 1321 daAuts
     D:1: 1240 daAuts
     D:2: 971 daAuts
     D:4: 192 daAuts
     D:7: 52 daAuts
